 Dungeon Crawl Stone Soup version 0.27.1-34-g3ba077fa99 (webtiles) character file.

Game seed: 15433648111361612243

7444 boopmooplesden the Carver (level 10, -2/91 HPs)
             Began as a Minotaur Fighter on Jan 17, 2022.
             Was a Priest of Okawaru.
             Slain by a two-headed ogre (11 damage)
             ... on level 10 of the Dungeon.
             The game lasted 00:14:43 (11195 turns).

boopmooplesden the Carver (Minotaur Fighter)       Turns: 11195, Time: 00:14:43

Health: -2/91      AC: 12    Str: 33    XL:     10   Next: 93%
Magic:  10/10      EV: 11    Int:  5    God:    Okawaru [***...]
Gold:   287        SH:  9    Dex: 10    Spells: 9/9 levels left

rFire    . . .     SeeInvis .   f - +1 war axe (vorpal)
rCold    + + .     Faith    .   u - +3 buckler of the Harp {rElec rC+}
rNeg     . . .     Spirit   .   A - +0 scale mail of Subjectivity {Str+9}
rPois    +         Reflect  .   (helmet restricted)
rElec    +         Harm     .   e - +0 cloak
rCorr    .         Rampage  .   z - +0 pair of gloves
Will     .....                  b - +0 pair of boots
Stlth    ..........             (no amulet)
HPRegen  0.25/turn              h - ring of poison resistance
MPRegen  0.12/turn              k - ring of protection from cold

@: studying Axes
A: horns 2, retaliatory headbutt
a: Renounce Religion, Heroism


You were on level 10 of the Dungeon.
You worshipped Okawaru.
Okawaru was most pleased with you.
You visited 2 branches of the dungeon, and saw 11 of its levels.
You also visited: Sewer.

You collected 521 gold pieces.
You spent 234 gold pieces at shops.

Inventory:

Hand Weapons
 a - a +2 long sword
 c - a +3 falchion of freezing
 f - a +1 vorpal war axe (weapon)
 y - a +3 long sword
 F - a +0 broad axe of draining
Missiles
 j - 16 boomerangs (quivered)
 t - 2 throwing nets
Armour
 b - a +0 pair of boots (worn)
 e - a +0 cloak (worn)
 r - a +0 chain mail
 u - the +3 buckler of the Harp (worn) {rElec rC+}
   (You found it on level 4 of the Dungeon)

   rC:        It protects you from cold.
   rElec:     It insulates you from electricity.
 w - a +0 plate armour
 z - a +0 pair of gloves (worn)
 A - the +0 scale mail of Subjectivity (worn) {Str+9}
   (You bought it in a shop on level 8 of the Dungeon)

   Str:       It affects your strength (+9).
Jewellery
 h - a ring of poison resistance (left hand)
 k - a ring of protection from cold (right hand)
 D - an amulet of magic regeneration
Wands
 d - a wand of paralysis (9)
Scrolls
 g - 3 scrolls of teleportation
 s - 2 scrolls of amnesia
 E - 2 scrolls of identify
Potions
 i - a potion of might
 l - 3 potions of degeneration
 m - 2 potions of berserk rage
 n - a potion of resistance
 o - 6 potions of flight
 p - 2 potions of ambrosia
 q - 3 potions of lignification
 v - a potion of cancellation
 x - 4 potions of curing
 B - a potion of haste {unknown}
 C - a potion of brilliance {unknown}


   Skills:
 + Level 9.0 Fighting
 + Level 11.8 Long Blades
 + Level 0.2 Axes
 + Level 0.3 Throwing
 + Level 9.6 Armour
 + Level 3.5 Dodging
 + Level 1.0 Stealth
 + Level 10.4 Shields
 + Level 1.6 Invocations


You had 9 spell levels left.
You didn't know any spells.
Your spell library contained the following spells:

 Spells                   Type           Power      Damage    Failure   Level
 Blink                    Tloc           N/A        N/A       80%         2
 Passage of Golubria      Tloc           N/A        N/A       100%        4
 Manifold Assault         Tloc           0%         N/A       100%        5
 Silence                  Hex/Air        0%         N/A       100%        5
 Storm Form               Tmut/Air       0%         N/A       100%        7
 Lehudib's Crystal Spear  Conj/Erth      0%         10d2      100%        8


Dungeon Overview and Level Annotations

Branches:
Dungeon (10/15)            Temple (1/1) D:6            Lair (0/6) D:10
  Sewer (visited)
    Orc: D:9-12

Altars:
Ashenzari
Cheibriados
Dithmenos
Elyvilon
Fedhas
Gozag
Hepliaklqana
Kikubaaqudgha
Makhleb
Nemelex Xobeh
Okawaru
Qazlal
Ru
Sif Muna
Trog
Uskayaw
Vehumet
Wu Jian
Xom
Yredelemnul
Zin
The Shining One

Shops:
D:8 [   D:10 :


Innate Abilities, Weirdness & Mutations

You have a pair of horns on your head.
You reflexively headbutt those who attack you in melee.


Message History

You kill Maggie!
Okawaru accepts your kill.
Things that are here:
a +0 broad axe of draining; +0 steam dragon scales
Things that are here:
a +0 broad axe of draining; +0 steam dragon scales
F - a +0 broad axe of draining You feel like a meek peon again.
Found 11 arrows.
p - 2 potions of ambrosia (gained 1)
A two-headed ogre comes into view.
It is wielding a +0 giant spiked club and a +0 giant club.
The two-headed ogre shouts in stereo!
A two-headed ogre is nearby!
You barely miss the two-headed ogre. You headbutt the two-headed ogre!
The two-headed ogre is lightly wounded.
The two-headed ogre closely misses you.
The two-headed ogre hits you with a +0 giant club!
The two-headed ogre barely misses you. You block the two-headed ogre's attack.
You hit the two-headed ogre.
The two-headed ogre is lightly wounded.
The two-headed ogre hits you with a +0 giant spiked club!!
The two-headed ogre hits you with a +0 giant club.
You barely miss the two-headed ogre.
Your headbutt misses the two-headed ogre.
The two-headed ogre is lightly wounded.
You block the two-headed ogre's attack. x2
You slice the two-headed ogre!!
The two-headed ogre is heavily wounded.
The two-headed ogre hits you with a +0 giant spiked club!
The two-headed ogre closely misses you.
You hit the two-headed ogre. You headbutt the two-headed ogre!
The two-headed ogre is severely wounded.
The two-headed ogre hits you with a +0 giant spiked club!!
* * * LOW HITPOINT WARNING * * *
The two-headed ogre hits you with a +0 giant club!
* * * LOW HITPOINT WARNING * * *
You barely miss the two-headed ogre.
The two-headed ogre is severely wounded.
The two-headed ogre hits you with a +0 giant spiked club!
You die...

################ ##
............(... ..#
........... .... ...#
........... #.. ...#
........... #..#####...#
............##..O.......#
...######.......@.......#
................##......#
................ #......#
##..............##......#
.#........#####.........#
.#........ #.........#
.#........ #.........#
.'........ #.......[.#
.#........ #.#####...#


You could see a two-headed ogre.

Vanquished Creatures
  A death yak (D:10)
  Pikel (D:9)
  Joseph (D:7)
  Maggie (D:10)
  A polar bear (D:8)
  Sigmund (D:6)
  5 yaks
  A steam dragon (D:8)
  A wraith (D:9)
  Eustachio (D:6)
  6 orc warriors
  An ice beast (D:8)
  2 sky beasts
  A hornet zombie (D:6)
  2 ogres
  A necrophage (D:5)
  3 centaurs
  A wolf (D:8)
  2 kobold brigands (D:8)
  4 bullfrogs
  2 gnoll sergeants
  2 scorpions
  A water moccasin skeleton (D:5)
  6 killer bees (D:7)
  8 wights
  3 electric eels
  A howler monkey (D:8)
  2 bullfrog zombies
  4 hounds
  2 gnoll shamans (D:6)
  6 orc priests
  3 centaur skeletons
  A jelly (D:6)
  A scorpion zombie (D:5)
  5 iguanas
  A merfolk siren (Sewer)
  4 orc wizards
  A merfolk avatar (Sewer)
  18 gnolls
  6 adders
  2 river rats (Sewer)
  2 shadow imps
  4 white imps
  3 ufetubi
  An adder skeleton (D:5)
  An adder zombie (D:5)
  2 worms
  3 dart slugs
  36 orcs
  7 endoplasms
  4 giant cockroaches
  10 goblins
  7 hobgoblins
  3 jackals (D:1)
  15 kobolds
  9 quokkas
  10 ball pythons
  3 bats
  8 frilled lizards
  27 rats
271 creatures vanquished.

Notes
Turn   | Place    | Note
-------+----------+-------------------------------------------
     0 | D:1      | boopmooplesden the Minotaur Fighter began the quest for the
                  | Orb.
     0 | D:1      | Reached XP level 1. HP: 19/19 MP: 0/0
   117 | D:1      | Reached XP level 2. HP: 27/27 MP: 1/1
   565 | D:1      | Found a faded altar of an unknown god.
   613 | D:1      | Reached XP level 3. HP: 22/33 MP: 2/2
  1210 | D:2      | Reached skill level 3 in Long Blades
  1213 | D:2      | Reached XP level 4. HP: 22/41 MP: 3/3
  2047 | D:3      | Reached skill level 4 in Long Blades
  2058 | D:3      | Reached XP level 5. HP: 47/47 MP: 4/4
  2425 | D:4      | Reached skill level 1 in Dodging
  2425 | D:4      | Reached skill level 5 in Shields
  2877 | D:4      | Found an ancient bone altar of Kikubaaqudgha.
  2968 | D:4      | Identified the +3 buckler of the Harp {rElec rC+}
  3360 | D:4      | Reached XP level 6. HP: 32/55 MP: 5/5
  3823 | D:4      | Reached skill level 5 in Armour
  4018 | D:5      | Entered Level 5 of the Dungeon
  4022 | D:5      | Reached skill level 5 in Fighting
  4022 | D:5      | Reached skill level 5 in Long Blades
  4162 | D:5      | Reached XP level 7. HP: 56/61 MP: 6/6
  4340 | D:5      | Reached skill level 6 in Long Blades
  4746 | D:5      | Found a glowing golden altar of the Shining One.
  4824 | D:6      | Reached skill level 7 in Long Blades
  4824 | D:6      | Reached XP level 8. HP: 52/69 MP: 7/7
  4837 | D:6      | Noticed Sigmund
  4887 | D:6      | Found a glowing drain.
  4896 | Sewer    | Entered a sewer
  5809 | D:6      | Noticed Eustachio
  5821 | D:6      | Killed Eustachio
  5822 | D:6      | Reached skill level 8 in Long Blades
  5974 | D:6      | Found a basalt altar of Yredelemnul.
  6044 | D:6      | Killed Sigmund
  6121 | D:6      | Reached XP level 9. HP: 63/78 MP: 8/8
  6130 | D:6      | Found a staircase to the Ecumenical Temple.
  6141 | Temple   | Entered the Ecumenical Temple
  6339 | Temple   | Became a worshipper of Warmaster Okawaru
  6678 | D:7      | Reached skill level 9 in Long Blades
  7046 | D:7      | Reached * piety under Okawaru
  7477 | D:7      | Found a bloodstained altar of Trog.
  7749 | D:7      | Noticed Joseph
  7765 | D:7      | Killed Joseph
  7766 | D:7      | Reached skill level 10 in Long Blades
  8756 | D:8      | Found Suzedgh's Antique Armour Shoppe.
  8765 | D:8      | Bought a jewelled scale mail for 234 gold pieces
  8765 | D:8      | Identified the +0 scale mail of Subjectivity {Str+9} (You
                  | bought it in a shop on level 8 of the Dungeon)
  8801 | D:8      | Noticed a polar bear
  8804 | D:8      | Reached ** piety under Okawaru
  8805 | D:8      | Reached XP level 10. HP: 76/86 MP: 9/9
  9653 | D:9      | Found a radiant altar of Vehumet.
  9653 | D:9      | Found a hide-covered altar of Uskayaw.
  9684 | D:9      | Noticed Pikel
  9691 | D:9      | Killed Pikel
  9692 | D:9      | Reached skill level 11 in Long Blades
  9930 | D:9      | Reached skill level 1 in Invocations
 10517 | D:9      | Identified a scroll of acquirement
 10517 | D:9      | Acquired a manual of Axes
 10543 | D:10     | Entered Level 10 of the Dungeon
 10561 | D:9      | Reached skill level 10 in Shields
 10572 | D:10     | Reached *** piety under Okawaru
 10573 | D:10     | Reached skill level 1 in Stealth
 10755 | D:10     | Noticed a death yak
 10757 | D:10     | Found a staircase to the Lair.
 10757 | D:10     | Noticed a death yak
 10774 | D:10     | Noticed a death yak
 10777 | D:10     | Killed a death yak
 10777 | D:10     | Received a gift from Okawaru
 11041 | D:10     | Found Goczoam's Book Shop.
 11157 | D:10     | Noticed Maggie
 11165 | D:10     | Killed Maggie
 11187 | D:10     | Noticed a two-headed ogre
 11195 | D:10     | Slain by a two-headed ogre

Illustrated notes

Levels and vault maps discovered:
D:1:      saegor_arrival_simple_e, layout_loops_ring,
          shapermc_ecumenical_altar_mp_highgroup, minmay_pentomino_x2
D:2:      layout_basic
D:3:      layout_basic
D:4:      minmay_thinvault, layout_gridville, mainiacjoe_overflow_24_doors
D:5:      layout_cave_pools, tso_altar
D:6:      layout_basic, mainiacjoe_overflow_concentric_impassable,
          minmay_temple_entry_butterflies, cheibrodos_sewer_entry_drain,
          feat_on_display, uniq_eustachio, uniq_sigmund
D:7:      minmay_inner_zag, layout_cave_pools, lemuel_doored_altar,
          serial_rivers, chequers_serial_rivers_small_b,
          chequers_serial_rivers_large_b, chequers_serial_rivers_micro_b,
          chequers_serial_rivers_marsh, chequers_serial_rivers_micro_c,
          lightli_minifort, uniq_joseph
D:8:      layout_loops_ring, serial_ice, serial_ice_k, serial_ice_d,
          serial_ice_b, serial_ice_n, serial_shops, shop
D:9:      layout_cave_pools, gammafunk_temple_overflow_elements, special_room
          [special_room_orc], hangedman_decor_points, uniq_pikel
D:10:     layout_stronghold, dpeg_lair_monsters,
          kennysheep_orc_monster_closet_entryway, serial_shops, shop,
          uniq_maggie
Temple:   nicolae_temple_elliptical

Skill      XL: |  1  2  3  4  5  6  7  8  9 10 |
---------------+-------------------------------+-----
Armour         | 4 5 6 7 8 9 |  9.6
Fighting       | 4 5 6 8 9 |  9.0
Shields        | 4 5 6 7 9 10 | 10.4
Long Blades    | 3 4 5 7 8 10 11 | 11.8
Dodging        | 1 2 3 |  3.5
Invocations    | 1 |  1.6
Stealth        | 1 |  1.0
Axes           | |  0.2
Throwing       | |  0.3

Action                   |  1- 3 |  4- 6 |  7- 9 | 10-12 || total
-------------------------+-------+-------+-------+-------++-------
Melee: Long sword        |    69 |   156 |   358 |   176 ||   759
       Headbutt          |     5 |    26 |    70 |    51 ||   152
       War axe           |       |       |       |    11 ||    11
Throw: Boomerang         |       |       |     3 |       ||     3
Invok: Heroism           |       |       |     1 |     7 ||     8
  Use: Potion            |     1 |     3 |       |     2 ||     6
       Scroll            |       |    13 |     5 |     3 ||    21
Armor: Scale mail        |    36 |    56 |     1 |    59 ||   152
       Chain mail        |       |    29 |   129 |       ||   158
       Plate armour      |       |       |    64 |       ||    64
Dodge: Dodged            |    21 |    60 |   117 |    86 ||   284
Block: Kite shield       |    41 |    52 |       |       ||    93
       Buckler           |       |    33 |   176 |    87 ||   296
       Rpst.: Long sword |     3 |    18 |    24 |    20 ||    65
